 Dungeon Crawl Stone Soup version 0.25.0-9-g26727b657a (webtiles) character file.

Game seed: 11866785584802123386

1670 mopl the Firebug (level 9, -1/68 HPs)
             Began as a Naga Fire Elementalist on June 17, 2020.
             Was an Initiate of Vehumet.
             Shot with an arrow by a centaur (5 damage)
             ... on level 8 of the Dungeon.
             The game lasted 00:15:49 (6754 turns).

mopl the Firebug (Naga Fire Elementalist)           Turns: 6754, Time: 00:15:50

Health: -1/68      AC:  5    Str: 12      XL:     9   Next: 1%
Magic:  17/17      EV:  1    Int: 14 (18) God:    Vehumet [......]
Gold:   304        SH:  0    Dex: -4 (11) Spells: 8/18 levels left

rFire    . . .     SeeInvis +   p - +0 short sword
rCold    . . .     Gourm    .   (no shield)
rNeg     . . .     Faith    .   a - +0 robe
rPois    +         Spirit   .   k - +0 hat
rElec    .         Reflect  .   q - +0 cloak
rCorr    .         Harm     .   (no gloves)
MR       +....                  (no barding)
Stlth    ..........             (no amulet)
HPRegen  0.21/turn              E - ring of flight
MPRegen  0.15/turn              H - ring of wizardry

@: slowed, lost dexterity, very slow
A: large, see invisible, deformed body, poison resistance, slowness 2, slow
metabolism 1, spit poison 1, AC +3
a: Spit Poison, Renounce Religion, Evoke Flight


You were on level 8 of the Dungeon.
You worshipped Vehumet.
Vehumet was noncommittal.
You were not hungry.

You visited 1 branch of the dungeon, and saw 8 of its levels.

You collected 304 gold pieces.

Inventory:

Hand Weapons
 p - a +0 short sword (weapon)
Missiles
 j - 26 poisoned darts (quivered)
 o - 12 boomerangs
 w - 5 javelins
 x - 5 atropa-tipped darts
Armour
 a - a +0 robe (worn)
 d - a +0 buckler
 k - a +0 hat (worn)
 q - a +0 cloak (worn)
 D - the +0 leather armour of Lifelessness {rF+ SInv Stlth+}
   (You found it on level 6 of the Dungeon)

   It protects you from fire.
   It lets you see invisible.
   It makes you more stealthy.
Jewellery
 y - an uncursed amulet of guardian spirit
 E - a ring of flight (left hand)
 H - a ring of wizardry (right hand)
Wands
 B - a wand of digging (9)
 C - a wand of iceblast (15)
 F - a wand of paralysis (5)
 J - a wand of disintegration (12)
Scrolls
 b - 2 scrolls of enchant armour {unknown}
 e - 2 scrolls of magic mapping {unknown}
 g - 2 scrolls of teleportation {unknown}
 l - 4 scrolls of remove curse
 m - a scroll of fog {unknown}
 n - a scroll of blinking {unknown}
 r - a scroll of noise {unknown}
 u - 2 scrolls of random uselessness {unknown}
 v - a scroll of immolation {unknown}
 G - a scroll of amnesia {unknown}
 I - a scroll of brand weapon {unknown}
Potions
 f - a potion of lignification
 h - 3 potions of curing
 i - a potion of berserk rage
 s - 2 potions of heal wounds
 t - a potion of invisibility
 z - 3 potions of mutation
 A - 2 potions of magic
Comestibles
 c - 7 rations
 K - 4 chunks of flesh


   Skills:
 - Level 1.5 Dodging
 - Level 3.0 Stealth
 + Level 5.4 Spellcasting
 + Level 6.7 Conjurations
 + Level 7.4 Fire Magic


You had 8 spell levels left.
You knew the following spells:

 Your Spells              Type           Power        Failure   Level  Hunger
a - Foxfire               Conj/Fire      ###.         1%          1    None
d - Sticky Flame          Conj/Fire      ###.....     3%          4    ####...
f - Fireball              Conj/Fire      ###.......   11%         5    ######.

Your spell library contained the following spells:

 Spells                   Type           Power        Failure   Level  Hunger
 Conjure Flame            Conj/Fire      ###.....     1%          3    ###....
 Inner Flame              Hex/Fire       ##......     4%          3    ###....


Dungeon Overview and Level Annotations

Branches:
Dungeon (8/15)             Temple (0/1) D:7
   Lair: D:8-11

Altars:
Ashenzari
Cheibriados
Dithmenos
Fedhas
Hepliaklqana
Nemelex Xobeh
Okawaru
Ru
Sif Muna
Trog
Uskayaw
Vehumet
Yredelemnul

Annotations:
D:4 3 runed translucent doors, zkyp's ghost, novice BaFi
D:5 exclusion: statue


Innate Abilities, Weirdness & Mutations

You cannot wear boots.
Your serpentine skin is tough. (AC +3)
You have supernaturally acute eyesight. (SInv)
Armour fits poorly on your strangely shaped body.
Your system is resistant to poisons. (rPois)
You cover ground very slowly.
You have a slow metabolism.
You can spit poison.


Message History

This raw flesh tastes terrible.
Found a stone staircase leading down.
There is a stone staircase leading down here.
Found the +8 frozen axe "Frostbite" {freezing cloud, *Noise +Fly rC+}.
A centaur comes into view.
The centaur shouts!
The centaur wields a +0 shortbow.
The centaur shoots an arrow.
The arrow hits you!
The centaur shoots an arrow.
The arrow hits you.
You see here 2 arrows.
The centaur shoots an arrow.
The arrow hits you!
The centaur shoots an arrow.
The arrow hits you!
The centaur shoots an arrow.
The arrow hits you!
You see here 2 arrows.
The centaur shoots an arrow.
The arrow hits you!
* * * LOW HITPOINT WARNING * * *
The centaur shoots an arrow.
The arrow hits you but does no damage.
The centaur shoots an arrow.
The arrow hits you.
* * * LOW HITPOINT WARNING * * *
You see here 3 arrows.
The centaur shoots an arrow.
The arrow hits you.
You die...

##.....## #.. ##...##
### ##+## #.# #.#
##.## ##. ##...##
...c.#####.....#
#..)@(((....#########
#########.#..........
#############


You could see a centaur.

Vanquished Creatures
  A troll (D:8)
  Prince Ribbit (D:7)
  An orc warrior (D:7)
  3 sky beasts
  An ogre (D:4)
  2 centaurs (D:6)
  A bullfrog (D:6)
  2 scorpions
  A wyvern skeleton (D:6)
  A howler monkey (D:6)
  A hound (D:5)
  A bullfrog skeleton (D:5)
  An orc priest (D:7)
  An orc wizard (D:7)
  An iguana (D:4)
  2 worker ants
  A worker ant zombie (D:6)
  4 gnolls
  8 adders
  A shadow imp (D:5)
  2 adder skeletons
  An adder zombie (D:5)
  A worm (D:2)
  2 dart slugs
  A leopard gecko (D:6)
  7 orcs
  4 giant cockroaches
  2 goblins
  4 hobgoblins
  6 jackals (D:2)
  7 kobolds
  A quokka (D:2)
  3 bats
  5 frilled lizards
  A jackal skeleton (D:6)
  2 leopard gecko skeletons
  A leopard gecko zombie (D:5)
  7 rats
  A spectral orc (D:6)
93 creatures vanquished.

Vanquished Creatures (others)
  197 foxfires
197 creatures vanquished.

Grand Total: 290 creatures vanquished

Notes
Turn   | Place    | Note
-------+----------+-------------------------------------------
     0 | D:1      | mopl the Naga Fire Elementalist began the quest for the
                  | Orb.
     0 | D:1      | Reached XP level 1. HP: 15/15 MP: 3/3
   134 | D:1      | Reached XP level 2. HP: 18/22 MP: 5/5
   659 | D:2      | Reached XP level 3. HP: 24/28 MP: 3/6
   765 | D:2      | Found a snail-covered altar of Cheibriados.
   787 | D:2      | Became a worshipper of Cheibriados the Contemplative
   788 | D:2      | Fell from the grace of Cheibriados
  1258 | D:2      | Noticed a sky beast
  1579 | D:3      | Reached XP level 4. HP: 36/36 MP: 7/7
  1590 | D:3      | Learned a level 4 spell: Sticky Flame
  2175 | D:2      | Reached skill level 4 in Fire Magic
  2191 | D:2      | Killed a sky beast
  2191 | D:2      | Reached XP level 5. HP: 11/42 MP: 5/9
  2666 | D:3      | Found an iron altar of Okawaru.
  2668 | D:3      | Found a hide-covered altar of Uskayaw.
  2668 | D:3      | Found a snail-covered altar of Cheibriados.
  2671 | D:3      | Found a hazy altar of Hepliaklqana.
  3273 | D:4      | Reached XP level 6. HP: 49/49 MP: 8/10
  3429 | D:4      | Found a runed translucent gate.
  3429 | D:4      | Found a runed translucent gate.
  3429 | D:4      | Found a runed translucent gate.
  3433 | D:4      | Noticed zkyp's ghost (novice BaFi)
  3442 | D:4      | Noticed a sky beast
  3468 | D:4      | Killed a sky beast
  3468 | D:4      | Reached skill level 5 in Fire Magic
  3586 | D:4      | Found a blossoming altar of Fedhas.
  3641 | D:4      | Reached XP level 7. HP: 43/55 MP: 1/12
  3800 | D:4      | Found a sparkling altar of Nemelex Xobeh.
  3872 | D:5      | Entered Level 5 of the Dungeon
  4245 | D:5      | Reached skill level 5 in Conjurations
  4275 | D:5      | Found a radiant altar of Vehumet.
  4281 | D:5      | Became a worshipper of Vehumet
  4447 | D:5      | Reached skill level 6 in Fire Magic
  4623 | D:6      | Learned a level 5 spell: Fireball
  4665 | D:6      | Reached XP level 8. HP: 23/62 MP: 5/14
  5188 | D:6      | Got a smoking leather armour
  5199 | D:6      | Identified the cursed +0 leather armour of Lifelessness
                  | {rF+ SInv Stlth+} (You found it on level 6 of the Dungeon)
  5485 | D:6      | Found a bloodstained altar of Trog.
  5676 | D:6      | Found a basalt altar of Yredelemnul.
  5813 | D:6      | Lost dexterity.
  5943 | D:7      | Found a shattered altar of Ashenzari.
  5985 | D:7      | Noticed Prince Ribbit
  5990 | D:7      | Killed Prince Ribbit
  6001 | D:7      | Was forgiven by Cheibriados
  6124 | D:7      | Found a shimmering blue altar of Sif Muna.
  6174 | D:7      | Found a sacrificial altar of Ru.
  6218 | D:7      | Reached skill level 7 in Fire Magic
  6223 | D:7      | Reached skill level 5 in Spellcasting
  6362 | D:7      | Found a staircase to the Ecumenical Temple.
  6421 | D:7      | Found a shadowy altar of Dithmenos.
  6631 | D:8      | Noticed a troll
  6638 | D:8      | Killed a troll
  6638 | D:8      | Reached XP level 9. HP: 68/68 MP: 8/17
  6749 | D:8      | Found the +8 frozen axe "Frostbite" {freezing cloud, *Noise
                  | +Fly rC+}
  6754 | D:8      | Shot with an arrow by a centaur

Illustrated notes

Levels and vault maps discovered:
D:1:      moated_graveyard_arrival, layout_basic, chequers_serial_rivers_large_a
D:2:      minmay_angry_zag, layout_basic, first_ration, kennysheep_slug_shrine
D:3:      layout_rooms, grunt_temple_overflow_cloverleaf, serial_bayou_lagoon_a
D:4:      layout_rooms, nemelex_altar_shiori, ebering_ghost_rock_garden,
          fedhas_altar_fruit_tree
D:5:      cheibrodos_quashed, layout_cave_pools, vehumet_statue
D:6:      layout_basic, lightli_temple_of_fire,
          yredelemnul_forgotten_temple_becter, lemuel_another_geyser
D:7:      layout_basic, nicolae_ru_sacrificial_ziggurat, kennysheep_mini,
          old_standard_altar, kennysheep_mini_moat, minmay_temple_entry_tees,
          uniq_prince_ribbit1
D:8:      layout_loops_corners, grunt_livestock

Skill      XL: |  1  2  3  4  5  6  7  8 |
---------------+-------------------------+-----
Conjurations   | 2 3 4 5 6 |  6.7
Fire Magic     | 4 5 6 7 |  7.4
Spellcasting   | 3 4 5 |  5.4
Dodging        | |  1.5
Stealth        | |  3.0

Action                   |  1- 3 |  4- 6 |  7- 9 || total
-------------------------+-------+-------+-------++-------
Melee: Unarmed           |    24 |       |       ||    24
       Short sword       |     3 |    18 |   111 ||   132
Throw: Dart              |     6 |    10 |     2 ||    18
 Cast: Foxfire           |    41 |    32 |    46 ||   119
       Sticky Flame      |       |     1 |    12 ||    13
Invok: Renounce Religion |     1 |       |       ||     1
 Abil: Spit Poison       |    14 |    13 |    14 ||    41
Evoke: Wand              |       |       |     2 ||     2
  Use: Scroll            |     1 |     3 |     4 ||     8
       Potion            |       |     1 |     2 ||     3
 Stab: Sleeping          |     1 |       |     1 ||     2
  Eat: Chunk             |     3 |     7 |     5 ||    15
       Ration            |       |       |     3 ||     3
Armor: Robe              |    14 |     8 |    44 ||    66
Dodge: Dodged            |    26 |    35 |    75 ||   136
